 Dungeon Crawl Stone Soup version 0.29.1-1-gd02db6906a (webtiles) character file.

Game seed: 4337246211884035112

13590 Ashen the Frost Mage (level 11, 86/86 HPs)
             Began as a Demonspawn Ice Elementalist on Sept 17, 2022.
             Was a Believer of Vehumet.
             Got out of the dungeon alive.
             The game lasted 00:30:25 (13183 turns).

Ashen the Frost Mage (Demonspawn Ice Elementalist) Turns: 13183, Time: 00:30:26

Health: 86/86      AC: 14    Str:  9    XL:     11   Next: 77%
Magic:  22/22      EV: 14    Int: 21    God:    Vehumet [**....]
Gold:   146        SH: 14    Dex: 13    Spells: 14/25 levels left

rFire   x . .      SeeInvis +   p - staff of cold
rCold   + + .      Faith    .   y - +0 buckler
rNeg    . . .      Spirit   .   E - +0 acid dragon scales
rPois   .          Reflect  +   (helmet restricted)
rElec   .          Harm     .   u - +2 cloak
rCorr   +          Rampage  .   L - +0 pair of gloves
Will    .....                   (no boots)
Stlth   +++.......              i - amulet of reflection
HPRegen 0.24/turn               b - ring of see invisible
MPRegen 0.18/turn               n - ring of ice

@: no status effects
A: horns 2, icemail 1, powered by death 1, sturdy frame 2, condensation shield
a: Renounce Religion


You escaped.
You worshipped Vehumet.
Vehumet was pleased with you.
You visited 2 branches of the dungeon, and saw 10 of its levels.

You collected 678 gold pieces.
You spent 532 gold pieces at shops.

Inventory:

Hand Weapons
 B - a +1 war axe of venom
Missiles
 l - 4 javelins
Armour
 u - a +2 cloak (worn)
 y - a +0 buckler (worn)
 E - +0 acid dragon scales (worn)
 H - a +0 leather armour of willpower
 L - a +0 pair of gloves (worn)
Magical Staves
 p - a staff of cold (weapon)
Jewellery
 b - a ring of see invisible (left hand)
 i - an amulet of reflection (around neck)
 n - a ring of ice (right hand)
 C - a ring of ice
 G - a ring of wizardry
 I - a +6 ring of dexterity
Wands
 a - a wand of polymorph (5)
 k - a wand of acid (6)
 x - a wand of flame (2)
Scrolls
 g - 5 scrolls of identify
 h - 2 scrolls of fear
 j - a scroll of enchant weapon
 o - 3 scrolls of teleportation
 q - a scroll of silence
 r - 2 scrolls of blinking
 w - 2 scrolls of immolation
 F - a scroll of vulnerability
Potions
 c - a potion of might
 d - a potion of lignification
 e - 8 potions of haste
 f - 5 potions of curing
 m - 4 potions of invisibility
 t - 2 potions of cancellation
 v - a potion of resistance
 z - 4 potions of attraction
 A - 3 potions of magic
 J - a potion of flight
 K - a potion of brilliance
 M - 2 potions of ambrosia


   Skills:
 + Level 8.0 Fighting
 + Level 7.6 Dodging
 - Level 5.0 Stealth
 - Level 5.0 Shields
 + Level 7.7 Spellcasting
 + Level 7.4 Conjurations
 + Level 8.3 Ice Magic


You had 14 spell levels left.
You knew the following spells:

 Your Spells              Type           Power      Damage    Failure   Level
a - Freeze                Ice            100%       1d11      1%          1
b - Frozen Ramparts       Ice            100%       1d16      1%          3
c - Ozocubu's Armour      Ice            77%        N/A       1%          3
d - Hailstorm             Conj/Ice       75%        3d15      4%          4

Your spell library contained the following spells:

 Spells                   Type           Power      Damage    Failure   Level
 Shock                    Conj/Air       92%        1d8       2%          1
 Apportation              Tloc           16%        N/A       11%         1
 Sting                    Tmut/Pois      32%        1d4       11%         1
 Blink                    Tloc           16%        N/A       16%         2
 Poisonous Vapours        Pois/Air       16%        N/A       16%         2
 Lesser Beckoning         Tloc           8%         N/A       32%         3
 Olgreb's Toxic Radiance  Pois           8%         N/A       71%         4
 Alistair's Intoxication  Tmut/Pois      5%         N/A       96%         5
 Manifold Assault         Tloc           8%         N/A       96%         5


Dungeon Overview and Level Annotations

Branches:
Dungeon (9/15)             Temple (1/1) D:7
   Lair: D:8-11         Orc: D:9-12

Altars:
Ashenzari
Cheibriados
Dithmenos
Fedhas
Gozag
Hepliaklqana
Kikubaaqudgha
Makhleb
Nemelex Xobeh
Okawaru
Qazlal
Ru
Sif Muna
Trog
Uskayaw
Vehumet
Wu Jian
Xom
Yredelemnul

Shops:
D:2 (([

Annotations:
D:3 2 transporters, exclusion: downstairs, diceflayer's ghost, amateur DsFi
D:4 Edmund
D:6 Menkaure


Innate Abilities, Weirdness & Mutations

You have a pair of horns on your head.
A meltable icy envelope protects you from harm. (AC +4)
You regenerate a little health from kills.
Your movements are less encumbered by armour. (ER -4)
A meltable shield of frost defends you. (SH +4)


Message History

(D) Dungeon (T) Temple
Where to? (Enter - D:8 @ (x,y), ? - help)
What level of the Dungeon? (default 1, ? - help) Have to go through D:9.
Continue?
There is a stone staircase leading down here.
You climb downwards.
There is a stone staircase leading up here.
There is a stone staircase leading up here.
You climb upwards.
There is a stone staircase leading down here.
Items here: )) [[.
There is a stone staircase leading up here.
You climb upwards.
There is a stone staircase leading down here.
There is a stone staircase leading up here.
You climb upwards.
Level annotation: Menkaure
There is a stone staircase leading down here.
There is a stone staircase leading up here.
You climb upwards.
There is a stone staircase leading down here.
There is a shaft here.
There is a stone staircase leading up here.
You climb upwards.
Level annotation: Edmund
There is a stone staircase leading down here.
There is a stone staircase leading up here.
You climb upwards.
Level annotation: 2 transporters, exclusion: downstairs, diceflayer's ghost, amateur DsFi
There is a stone staircase leading down here.
There is a stone staircase leading up here.
You climb upwards.
There is a stone staircase leading down here.
There is a stone staircase leading up here.
You climb upwards.
There is a stone staircase leading down here.
There is an open gate here.
There is a staircase leading out of the dungeon here.
Are you sure you want to leave the Dungeon?
This will make you lose the game!
You have escaped!

#..#
##.#
#.##
#..#
###.###
#8'''8#
#.###.#
##...##
#..@..#
#######


There were no monsters in sight!

Vanquished Creatures
  A centaur warrior (D:9)
  2 two-headed ogres
  A boulder beetle (D:9)
  A tengu warrior (D:9)
  A wizard (D:9)
  A deep elf pyromancer (D:9)
  2 ugly things (D:9)
  A black mamba (shapeshifter) (D:9)
  2 gargoyles
  An efreet (D:9)
  Maggie (D:8)
  An unseen horror (D:8)
  A hornet (D:7)
  A slime creature (D:9)
  2 wyverns
  17 yaks
  Grum (D:8)
  2 steam dragons
  An acid dragon (D:9)
  2 water moccasins
  An ice beast (D:5)
  4 orc warriors
  2 sky beasts
  3 wolves (D:8)
  5 centaurs
  3 ogres
  A kobold brigand (D:9)
  A necrophage (D:5)
  4 bullfrogs
  3 scorpions
  2 gnoll sergeants
  9 wights
  3 howler monkeys (D:9)
  4 hounds
  3 jellies
  2 orc priests
  A gnoll bouda (D:9)
  3 iguanas
  4 orc wizards
  10 adders
  3 shadow imps
  A white imp (D:7)
  4 ufetubi
  A worm (D:5)
  3 dart slugs
  21 orcs
  8 ball pythons
  4 endoplasms
  5 goblins
  7 hobgoblins
  2 kobolds (D:4)
  A quokka (D:2)
  5 bats
  2 frilled lizards (D:2)
  4 rats
181 creatures vanquished.

Notes
Turn   | Place    | Note
-------+----------+-------------------------------------------
     0 | D:1      | Ashen the Demonspawn Ice Elementalist began the quest for
                  | the Orb.
     0 | D:1      | Reached XP level 1. HP: 13/13 MP: 3/3
   717 | D:1      | Gained mutation: You have a pair of small horns on your
                  | head. [demonic ancestry]
   717 | D:1      | Reached XP level 2. HP: 19/20 MP: 3/5
  1280 | D:2      | Reached skill level 1 in Fighting
  1280 | D:2      | Gained mutation: You have a pair of horns on your head.
                  | [demonic ancestry]
  1280 | D:2      | Reached XP level 3. HP: 7/26 MP: 2/6
  1856 | D:2      | Found Qeurphe's Armour Shop.
  1893 | D:2      | Found a faded altar of an unknown god.
  2236 | D:2      | Found Fyej Himm's Antique Weapon Shop.
  2333 | D:2      | Found Resuo's Weapon Shoppe.
  2471 | D:2      | Gained mutation: You regenerate a little health from kills.
                  | [demonic ancestry]
  2471 | D:2      | Reached XP level 4. HP: 26/32 MP: 4/7
  3141 | D:3      | Found a transporter.
  3191 | D:3      | Found a shadowy altar of Dithmenos.
  3272 | D:3      | Found a transporter.
  3340 | D:3      | Noticed diceflayer's ghost (amateur DsFi)
  3365 | D:3      | Found a shimmering altar of Xom.
  3366 | D:3      | Found a hazy altar of Hepliaklqana.
  3367 | D:3      | Noticed a spectral ugly thing
  3390 | D:3      | Learned a level 3 spell: Frozen Ramparts
  3394 | D:3      | Learned a level 3 spell: Ozocubu's Armour
  3693 | D:4      | Gained mutation: Your movements are slightly less
                  | encumbered by armour. (ER -2) [demonic ancestry]
  3693 | D:4      | Reached XP level 5. HP: 23/38 MP: 1/9
  3929 | D:4      | Found a burning altar of Makhleb.
  4539 | D:4      | Noticed Edmund
  4686 | D:4      | Found an opulent altar of Gozag.
  4870 | D:5      | Entered Level 5 of the Dungeon
  4870 | D:5      | Noticed an ogre
  4910 | D:5      | Reached XP level 6. HP: 19/46 MP: 7/10
  5101 | D:5      | Noticed an ice beast
  5183 | D:5      | Learned a level 4 spell: Hailstorm
  5624 | D:5      | Reached skill level 1 in Conjurations
  5624 | D:5      | Reached XP level 7. HP: 48/52 MP: 5/12
  5850 | D:5      | Reached skill level 5 in Ice Magic
  6499 | D:6      | Noticed Menkaure
  6619 | D:6      | Reached XP level 8. HP: 31/60 MP: 6/14
  7114 | D:6      | Identified the +2 robe "Byoko" {rF- Str+6 Dex+2 SInv}
  7233 | D:6      | Reached skill level 1 in Shields
  7817 | D:7      | Found a staircase to the Ecumenical Temple.
  7830 | Temple   | Entered the Ecumenical Temple
  8209 | Temple   | Became a worshipper of Vehumet
  8368 | D:7      | Found a broken altar of Ashenzari.
  8370 | D:7      | Noticed a hornet
  8377 | D:7      | Killed a hornet
  8603 | D:7      | Found a hide-covered altar of Uskayaw.
  9118 | D:8      | Reached skill level 5 in Stealth
  9118 | D:8      | Gained mutation: Your movements are less encumbered by
                  | armour. (ER -4) [demonic ancestry]
  9118 | D:8      | Reached XP level 9. HP: 41/66 MP: 9/16
  9138 | D:8      | Noticed Grum
  9310 | D:8      | Noticed a two-headed ogre
  9407 | D:8      | Noticed a gargoyle
  9415 | D:8      | Reached skill level 5 in Spellcasting
  9416 | D:8      | Killed a gargoyle
  9417 | D:8      | Reached skill level 5 in Fighting
  9417 | D:8      | Reached skill level 5 in Dodging
  9463 | D:8      | Reached * piety under Vehumet
  9463 | D:8      | Offered knowledge of Sandblast by Vehumet.
  9603 | D:8      | Noticed Maggie
  9614 | D:8      | Killed Maggie
  9685 | D:8      | Found Jacracen's Distillery.
  9738 | D:8      | Killed Grum
 10216 | D:8      | Killed a two-headed ogre
 10217 | D:8      | Reached skill level 5 in Conjurations
 10217 | D:8      | Gained mutation: A meltable shield of frost defends you.
                  | (SH +4) [demonic ancestry]
 10217 | D:8      | Reached XP level 10. HP: 66/76 MP: 7/18
 10913 | D:9      | Noticed a two-headed ogre
 10922 | D:9      | Killed a two-headed ogre
 11362 | D:9      | Found a sparkling altar of Nemelex Xobeh.
 11399 | D:9      | Noticed a tengu warrior
 11413 | D:9      | Reached skill level 5 in Shields
 11423 | D:9      | Gained mutation: A meltable icy envelope protects you from
                  | harm. (AC +4) [demonic ancestry]
 11423 | D:9      | Reached XP level 11. HP: 83/83 MP: 19/21
 11428 | D:9      | Killed a tengu warrior
 11460 | D:9      | Noticed a deep elf pyromancer
 11468 | D:9      | Killed a deep elf pyromancer
 11723 | D:9      | Reached ** piety under Vehumet
 11723 | D:9      | Offered knowledge of Shock by Vehumet.
 12143 | D:9      | Noticed a white ugly thing
 12144 | D:9      | Noticed a red ugly thing
 12144 | D:9      | Noticed a centaur warrior
 12144 | D:9      | Noticed a boulder beetle
 12144 | D:9      | Noticed a wizard
 12157 | D:9      | Killed a wizard
 12160 | D:9      | Killed a white ugly thing
 12408 | D:9      | Killed a white ugly thing
 12412 | D:9      | Killed a centaur warrior
 12574 | D:9      | Identified the +2 helmet "Zogh" {rPois rF+}
 12662 | D:9      | Killed a boulder beetle
 12993 | D:8      | Bought a potion of degeneration for 14 gold pieces
 12993 | D:8      | Bought 2 potions of ambrosia for 224 gold pieces
 12993 | D:8      | Bought a potion of curing for 42 gold pieces
 12993 | D:8      | Bought a potion of haste for 140 gold pieces
 12993 | D:8      | Bought a potion of magic for 112 gold pieces
 13183 | D:$      | Got out of the dungeon alive.

Illustrated notes

Levels and vault maps discovered:
D:1:      saegor_arrival_simple_c, layout_loops_cross,
          chequers_serial_rivers_small_b, solitary_fountain, grunt_decor_cap
D:2:      layout_loops_ring, chequers_ecumenical_altar_island, serial_shops,
          nicolae_shop_window_shopping, shop, shop, nicolae_titane
D:3:      layout_basic, regret_index_temple_of_mockery,
          mainiacjoe_overflow_cross_hatched, gammafunk_ghost_mausoleum,
          minmay_misc_feat_x
D:4:      layout_basic, marbit_many_paths, makhleb_heckhound_becter, uniq_edmund
D:5:      layout_cave_pools, minivault_25, st_stairs_4
D:6:      layout_cave_pods, kennysheep_generic_room_10, uniq_menkaure
D:7:      layout_loops_ring, mainiacjoe_overflow_boulevard,
          nicolae_uskayaw_suspiria, minmay_temple_entry_gardened_gates,
          serial_park_tiny_pond
D:8:      cheibrodos_barr_body, layout_layer_cave, serial_glass,
          glass_columns_c, glass_columns_a, glass_columns_a, feat_on_display,
          serial_shops, nicolae_take_the_stairs, uniq_maggie, uniq_grum
D:9:      minmay_the_grid_octo_tiled_octocenter
          [minmay_the_grid_octo_concentric, minmay_the_grid_octo_pinwheel,
          minmay_the_grid_octo_teeth, minmay_the_grid_octo_checkerflower,
          minmay_the_grid_octo_prize_big_c, minmay_the_grid_square_5x5_forky,
          minmay_the_grid_square_5x5_tetrominoes,
          minmay_the_grid_square_5x5_seven,
          minmay_the_grid_square_5x5_hollow_slash], layout_basic,
          nemelex_spade_bored_becter
Temple:   dpeg_chambers_temple

Skill      XL: |  1  2  3  4  5  6  7  8  9 10 11 |
---------------+----------------------------------+-----
Stealth        | 2 3 4 5 |  5.0
Dodging        | 2 3 4 5 6 7 |  7.6
Fighting       | 1 2 3 4 5 6 8 |  8.0
Ice Magic      | 4 5 6 7 8 |  8.3
Spellcasting   | 3 4 5 6 7 |  7.7
Conjurations   | 1 2 3 5 6 7 |  7.4
Shields        | 2 3 5 |  5.0

Action                   |  1- 3 |  4- 6 |  7- 9 | 10-12 || total
-------------------------+-------+-------+-------+-------++-------
Melee: Unarmed           |    25 |       |       |       ||    25
       Headbutt          |     3 |    17 |    66 |    31 ||   117
       Staff             |       |    69 |   253 |   102 ||   424
       Punch             |       |     3 |       |       ||     3
 Cast: Freeze            |    50 |    48 |    30 |    32 ||   160
       Ozocubu's Armour  |       |     4 |    26 |    18 ||    48
       Frozen Ramparts   |       |     3 |    25 |    24 ||    52
       Hailstorm         |       |       |       |     8 ||     8
Evoke: Wand              |       |       |     8 |     8 ||    16
  Use: Potion            |     1 |       |     2 |       ||     3
       Scroll            |       |       |    16 |     4 ||    20
 Stab: Sleeping          |     5 |     4 |     6 |     2 ||    17
Armor: Robe              |     8 |    17 |    67 |       ||    92
       Skin              |       |       |     2 |       ||     2
       Steam dragon scal |       |       |     4 |     4 ||     8
       Acid dragon scale |       |       |       |    43 ||    43
       Leather armour    |       |       |       |     2 ||     2
Dodge: Dodged            |    37 |    80 |   159 |    74 ||   350
Block: Other             |     2 |    29 |    13 |       ||    44
       Reflection        |       |     1 |     6 |     7 ||    14
       Buckler           |       |       |   121 |   124 ||   245
